 Dungeon Crawl Stone Soup version 0.28.0-45-g0d030f2227 (webtiles) character file.

Game seed: 11248524984313303339

4139 mortz the Arsonist (level 10, -5/71 HPs)
             Began as a Yellow Draconian Fire Elementalist on Apr 24, 2022.
             Was a Believer of Vehumet.
             Slain by Harold
             ... wielding a +0 long sword
              (10 damage)
             ... on level 8 of the Dungeon.
             The game lasted 00:59:16 (10173 turns).

mortz the Arsonist (DrFE)                          Turns: 10173, Time: 00:59:17

Health: -5/71      AC: 11    Str: 13    XL:     10   Next: 7%
Magic:  16/22      EV: 12    Int: 25    God:    Vehumet [**....]
Gold:   146        SH:  0    Dex: 11    Spells: 9/25 levels left

rFire   . . .      SeeInvis .   w - +9 long sword of Hides {freeze, rN+ Int+7, long}
rCold   . . .      Faith    .   (no shield)
rNeg    + + .      Spirit   .   (armour unavailable)
rPois   .          Reflect  .   (helmet restricted)
rElec   .          Harm     .   J - +0 cloak
rCorr   +          Rampage  +   (no gloves)
Will    .....                   y - +2 pair of boots {rampage}
Stlth   ++........              (no amulet)
HPRegen 0.21/turn               e - ring of positive energy
MPRegen 0.18/turn               (no ring)

@: brilliant, marked, studying Air Magic
A: spit acid, AC +7, unfitting armour, cold-blooded, acid resistance
a: Breathe Acid, Renounce Religion


You were on level 8 of the Dungeon.
You worshipped Vehumet.
Vehumet was pleased with you.
You visited 2 branches of the dungeon, and saw 9 of its levels.

You collected 419 gold pieces.
You spent 273 gold pieces at shops.


Innate Abilities, Weirdness & Mutations

You can spit globs of acid.
Your golden yellow scales are hard. (AC +7)
You cannot fit into any form of body armour.
You are cold-blooded and may be slowed by cold attacks.
You are resistant to acid. (rCorr)


   Skills:
 + Level 1.2 Fighting
 + Level 1.1(2.0) Short Blades
 + Level 2.5(2.7) Long Blades
 + Level 0.6 Polearms
 + Level 3.1 Dodging
 + Level 4.2 Stealth
 + Level 8.2 Spellcasting
 + Level 4.6 Conjurations
 + Level 0.2 Hexes
 + Level 9.4 Fire Magic


You had 9 spell levels left.
You knew the following spells:

 Your Spells              Type           Power      Damage    Failure   Level
a - Foxfire               Conj/Fire      100%       2x1d9     1%          1
b - Searing Ray           Conj           100%       2d8       1%          2
c - Conjure Flame         Conj/Fire      62%        6-21      1%          3
d - Inner Flame           Hex/Fire       51%        N/A       2%          3
e - Flame Wave            Conj/Fire      62%        2d12      3%          4
f - Magic Dart            Conj           100%       1d8       1%          1
g - Scorch                Fire           100%       2d10      1%          2

Your spell library contained the following spells:

 Spells                   Type           Power      Damage    Failure   Level
 Blink                    Tloc           30%        N/A       9%          2
 Lesser Beckoning         Tloc           15%        N/A       19%         3
 Manifold Assault         Tloc           15%        N/A       86%         5

Inventory:

Hand Weapons
 d - a +1 short sword of venom {short}
   (You took it off a kobold on level 1 of the Dungeon)
 i - a +0 hand axe {axe}
   (You found it on level 2 of the Dungeon)
 q - a +0 dire flail {mace}
   (You took it off a wight on level 4 of the Dungeon)
 r - a +2 halberd {polearm}
   (You took it off a wight on level 4 of the Dungeon)
 w - the +9 long sword of Hides (weapon) {freeze, rN+ Int+7, long}
   (You found it on level 6 of the Dungeon)

   It freezes those it strikes, dealing additional cold damage.
   It can also slow down cold-blooded creatures.
   Int:       It affects your intelligence (+7).
   rN:        It protects you from negative energy.
 A - the +9 rapier of Sharp Forgiveness {vorpal, Fragile Int+8, short}
   (You found it on level 6 of the Dungeon)

   It inflicts extra damage upon your enemies.
   Int:       It affects your intelligence (+8).
   Fragile:   It will be destroyed if unequipped.
Missiles
 c - 9 poisoned darts {throwing}
 k - 16 boomerangs {throwing}
Armour
 y - a +2 pair of boots of rampaging (worn)
   (You bought it in a shop on level 4 of the Dungeon)
 J - a +0 cloak (worn)
   (You took it off Maurice on level 8 of the Dungeon)
Magical Staves
 s - a staff of death {!astaff}
   (You found it on level 4 of the Dungeon)
 v - a staff of cold {!astaff}
   (You found it on level 6 of the Dungeon)
 D - a staff of cold {!astaff}
   (You found it on level 7 of the Dungeon)
Jewellery
 e - a ring of positive energy (left hand)
   (You found it on level 1 of the Dungeon)
Wands
 p - a wand of flame (24)
   (You found it on level 4 of the Dungeon)
 G - a wand of polymorph (3)
   (You found it on level 8 of the Dungeon)
Scrolls
 b - 2 scrolls of magic mapping {!r}
 f - a scroll of noise {!r}
 h - a scroll of fog {unknown}
 j - 2 scrolls of teleportation {@r4}
 t - a scroll of holy word {unknown}
 u - a scroll of silence {unknown}
 B - a scroll of enchant armour {unknown}
 C - a scroll of vulnerability {unknown}
 E - a scroll of enchant weapon {unknown}
 F - a scroll of brand weapon {unknown}
 I - a scroll of amnesia {unknown}
Potions
 a - 2 potions of might
 l - 2 potions of invisibility
 m - a potion of lignification {!q}
 n - a potion of flight
 o - 2 potions of heal wounds {@q2}
 x - 4 potions of curing {@q1}
 z - a potion of haste {@q3}

Dungeon Overview and Level Annotations

Branches:
Dungeon (8/15)             Temple (1/1) D:5
   Lair: D:8-11

Altars:
Ashenzari
Cheibriados
Dithmenos
Elyvilon
Fedhas
Gozag
Hepliaklqana
Kikubaaqudgha
Makhleb
Nemelex Xobeh
Okawaru
Qazlal
Ru
Sif Muna
Trog
Uskayaw
Vehumet
Wu Jian
Xom
Yredelemnul
Zin
The Shining One
Lugonu

Shops:
D:3 ?   D:4 [   D:5 :   D:7 ?(=*!

Annotations:
D:8 1 runed translucent door, GloriousHammer's ghost, novice TrHu; Harold

##### ###########...#
#.............#
#....@........#
#...@..§§§....#
#...§.§.§≈§...#
#..§≈§§§§§≈...#
#..§≈§≈≈≈≈≈...#
#..≈≈§.8≈≈....#
#..≈≈§_>≈≈....#
#...≈≈≈≈≈§....#
##.≈.≈§≈≈≈≈....########


You could see Harold.


Message History

Flames lash Harold.
Harold resists.
Harold's fire resistance burns away.
Harold points at you and mumbles some strange words.
You barely resist. 😨 MP[-2]
You lost 2 mp, and now have 20/22 mp.
You slash Harold! You freeze Harold. You tail-slap Harold, but do no damage.
Harold hits you with a +0 long sword!
* * * LOW HITPOINT WARNING * * *
😱 HP[-13]
You take 13 damage, and now have 15/71 hp.
As you read the scroll of teleportation {@r4}, it crumbles to dust.
You feel strangely unstable. Harold hits you with a +0 long sword!
* * * LOW HITPOINT WARNING * * *
😱 HP[-12]
You take 12 damage, and now have 3/71 hp.
Harold is no longer more vulnerable to fire.
Harold casts a spell at you.
A sentinel's mark forms upon you. 😱 HP[+1] 😱 MP[+1]
Your surroundings suddenly seem different. 😱 HP[+1] 😱 MP[+1]
Your mp is fully restored (22). 😱 HP[+1] 😱 HP[+1] 😱 HP[+1]
You start resting.
Harold is nearby! 😱 HP[+1]
You feel much better. 😨 HP[+25]
You regained 25 hp, and now have 34/71 hp.
You feel clever all of a sudden. Harold casts a spell at you.
The mark upon you grows brighter.
Casting: Scorch (safe; 1% risk of failure)
Confirm with . or Enter, or press ? or * to list all spells.
Okay, then.
Casting: Scorch (safe; 1% risk of failure)
Confirm with . or Enter, or press ? or * to list all spells.
Aiming: Magic Dart (safe; 1% risk of failure)
Press: ? - help, Shift-Dir - straight line, f/p - Harold
Aim: Harold, wielding a +0 long sword and wearing a +2 scale mail of fire resistance (moderately wounded, 100% to hit)
Okay, then.
Adjust (i)tems, (s)pells, or (a)bilities?
Adjust which spell? g - Searing Ray Adjust to which letter? b - Searing Ray; g - Scorch
Aiming: Magic Dart (safe; 1% risk of failure)
Press: ? - help, Q - select action, (/) - cycle Shift-Dir - straight line, f/p - Harold
Aim: Harold, wielding a +0 long sword and wearing a +2 scale mail of fire resistance (moderately wounded, 100% to hit)
You feel a surge of power!
The magic dart hits Harold but does no damage.
Harold fires a harpoon shot at you. The harpoon shot hits you!
* * * LOW HITPOINT WARNING * * *
You are yanked forward by the harpoon shot. 😨 HP[-13] MP[-1]
You take 13 damage, and now have 21/71 hp.
You lost 1 mp, and now have 21/22 mp.
Casting: Magic Dart (safe; 1% risk of failure)
Confirm with . or Enter, or press ? or * to list all spells.
Aiming: Searing Ray (safe; 1% risk of failure)
Press: ? - help, Shift-Dir - straight line, f/p - Harold
Aim: Harold, wielding a +0 long sword and wearing a +2 scale mail of fire resistance (moderately wounded, 90% to hit)
You feel a surge of power!
The searing ray hits Harold. (Press . to maintain the ray.) Harold hits you with a +0 long sword!
* * * LOW HITPOINT WARNING * * *
😱 HP[-9] MP[-1]
You take 9 damage, and now have 12/71 hp.
You lost 1 mp, and now have 20/22 mp.
The searing ray hits Harold but does no damage.
Harold gestures at you while chanting.
The mark upon you grows brighter. 😱 HP[+1] MP[-1]
You lost 1 mp, and now have 19/22 mp.
The searing ray hits Harold.
Harold hits you but does no damage. 😱 MP[-1]
You lost 1 mp, and now have 18/22 mp.
The searing ray hits Harold but does no damage.
You finish channelling your searing ray.
Harold completely misses you.
Casting: Searing Ray (safe; 1% risk of failure)
Confirm with . or Enter, or press ? or * to list all spells.
Aiming: Searing Ray (safe; 1% risk of failure)
Press: ? - help, Shift-Dir - straight line, f/p - Harold
Aim: Harold, wielding a +0 long sword and wearing a +2 scale mail of fire resistance (moderately wounded, 90% to hit)
You feel a surge of power!
The searing ray hits Harold! (Press . to maintain the ray.) Harold hits you with a +0 long sword!
* * * LOW HITPOINT WARNING * * *
😱 HP[-9] MP[-1]
You take 9 damage, and now have 4/71 hp.
You lost 1 mp, and now have 17/22 mp.
The searing ray hits Harold.
Harold hits you with a +0 long sword!
You die...

Skill      XL: |  1  2  3  4  5  6  7  8  9 |
---------------+----------------------------+-----
Stealth        | 2 3 4 |  4.2
Dodging        | 2 3 |  3.1
Fire Magic     | 4 5 6 7 9 |  9.4
Conjurations   | 2 3 4 |  4.6
Spellcasting   | 3 4 5 7 8 |  8.2
Short Blades   | 1 |  1.1
Long Blades    | 2 |  2.5
Fighting       | 1 |  1.2
Polearms       | |  0.6
Hexes          | |  0.2

Action                   |  1- 3 |  4- 6 |  7- 9 | 10-12 || total
-------------------------+-------+-------+-------+-------++-------
Melee: Tailslap          |     1 |       |     3 |     1 ||     5
       Mace              |     1 |       |       |       ||     1
       Short sword       |     5 |     5 |       |       ||    10
       Long sword        |       |       |    34 |     5 ||    39
       Halberd           |       |       |     4 |       ||     4
       Punch             |       |       |     2 |       ||     2
 Cast: Foxfire           |    41 |    48 |    90 |       ||   179
       Scorch            |       |    23 |    72 |     4 ||    99
       Conjure Flame     |       |       |     1 |       ||     1
       Inner Flame       |       |       |     1 |       ||     1
       Flame Wave        |       |       |     2 |       ||     2
       Magic Dart        |       |       |     1 |    21 ||    22
       Searing Ray       |       |       |       |     4 ||     4
 Abil: Breathe Acid      |       |       |    18 |     1 ||    19
Evoke: Wand              |       |       |       |     1 ||     1
  Use: Scroll            |       |     3 |     8 |     5 ||    16
       Potion            |       |       |       |     2 ||     2
 Stab: Sleeping          |       |       |     1 |       ||     1
Armor: Skin              |     8 |       |    23 |     4 ||    35
Dodge: Dodged            |    16 |     6 |    54 |     4 ||    80

Levels and vault maps discovered:
D:1:      dpeg_arrival_morbid_curiosity, layout_basic
D:2:      layout_rooms
D:3:      layout_basic, serial_shops, shop, hex_tiny, uniq_terence
D:4:      layout_loops_corners, lemuel_mausoleum_altar_yredelemnul,
          serial_shops, shop
D:5:      layout_basic, mainiacjoe_overflow_surrounded_room,
          minmay_temple_entry_large_hall, serial_shops, shop, uniq_ijyb,
          uniq_eustachio
D:6:      layout_gridville, mainiacjoe_overflow_brackets,
          hangedman_minor_gate_pass
D:7:      layout_basic, serial_glass, glass_columns_a, glass_columns_b,
          glass_columns_c, glass_columns_c, glass_columns_a, serial_shops,
          nicolae_take_the_stairs, shop, nicolae_shop_hallway_stairs,
          nicolae_lakefront_shop, nicolae_stop_n_shop_2,
          minmay_misc_feat_ornament, chequers_serial_rivers_micro_a
D:8:      layout_cave_pools, nemelex_spade_bored_becter,
          nicolae_qazlal_general_emergency,
          nicolae_overflow_hallway_of_the_gods, ebering_ghost_inner_flame,
          st_stairs_14, minmay_manual_mares, uniq_maurice, uniq_harold
Temple:   kb_corrupted_temple

Notes
Turn   | Place    | Note
-------+----------+-------------------------------------------
     0 | D:1      | mortz the Draconian Fire Elementalist began the quest for
                  | the Orb.
     0 | D:1      | Reached XP level 1. HP: 14/14 MP: 3/3
     0 | D:1      | magus.rc [v1.9.6]
   402 | D:1      | Reached XP level 2. HP: 20/20 MP: 1/5
   405 | D:1      | Learned a level 2 spell: Scorch
   849 | D:1      | Reached skill level 2 in Stealth
  1133 | D:1      | Reached skill level 2 in Dodging
  1133 | D:1      | Reached XP level 3. HP: 26/26 MP: 6/6
  1581 | D:2      | Noticed a scorpion
  1590 | D:2      | Killed a scorpion
  1591 | D:2      | Reached skill level 4 in Fire Magic
  1591 | D:2      | Reached XP level 4. HP: 15/33 MP: 1/7
  1596 | D:2      | HP: 8/33 [poisoned by a scorpion]
  2171 | D:2      | Reached skill level 2 in Conjurations
  2345 | D:3      | Found Pohay's Magic Scroll Emporium.
  2355 | D:3      | Bought a scroll of identify for 28 gold pieces
  2690 | D:3      | Noticed Terence
  2718 | D:3      | Killed Terence
  2719 | D:3      | Reached XP level 5. HP: 38/38 MP: 1/9
  3056 | D:4      | Noticed a water moccasin
  3066 | D:4      | Killed a water moccasin
  3067 | D:4      | Reached skill level 3 in Spellcasting
  3280 | D:4      | You pick up a book of Spatial Translocations and begin
                  | reading...
  3280 | D:4      | You add the spells Blink, Lesser Beckoning and Manifold
                  | Assault to your library.
  3396 | D:4      | Noticed an ogre
  3399 | D:4      | Reached XP level 6. HP: 45/45 MP: 7/11
  3407 | D:4      | Reached skill level 1 in Short Blades
  3540 | D:4      | Reached skill level 5 in Fire Magic
  3643 | D:4      | Found Jageong's Armour Shop.
  3957 | D:4      | Reached skill level 4 in Spellcasting
  4136 | D:4      | Your scales start taking on a golden yellow colour.
  4136 | D:4      | Reached XP level 7. HP: 50/50 MP: 6/13
  4136 | D:4      | Gained mutation: You are resistant to acid. (rCorr) [Yellow
                  | Draconian growth]
  4241 | D:4      | Found a basalt altar of Yredelemnul.
  4471 | D:4      | Reached skill level 5 in Spellcasting
  4859 | D:5      | Entered Level 5 of the Dungeon
  4890 | D:5      | Noticed Eustachio
  4894 | D:5      | Reached skill level 3 in Stealth
  4894 | D:5      | Reached skill level 6 in Fire Magic
  4993 | D:5      | Noticed Ijyb
  4998 | D:5      | Killed Ijyb
  5139 | D:5      | Found a sacrificial altar of Ru.
  5184 | D:5      | Reached XP level 8. HP: 57/57 MP: 7/16
  5493 | D:5      | Found Nuicouhy's Book Shoppe.
  5519 | D:5      | Found a staircase to the Ecumenical Temple.
  5528 | Temple   | Entered the Ecumenical Temple
  5615 | Temple   | Became a worshipper of Vehumet
  5723 | D:5      | Killed Eustachio
  5724 | D:5      | Reached skill level 6 in Spellcasting
  5724 | D:5      | Reached skill level 7 in Fire Magic
  5938 | D:6      | Identified the +9 long sword of Hides {freeze, rN+ Int+7}
  5945 | D:6      | Learned a level 3 spell: Conjure Flame
  5949 | D:6      | Learned a level 3 spell: Inner Flame
  5954 | D:6      | Learned a level 4 spell: Flame Wave
  5977 | D:6      | Reached skill level 3 in Conjurations
  6196 | D:4      | Bought a +2 pair of boots of rampaging for 215 gold pieces
  6259 | D:6      | Identified the +9 rapier of Sharp Forgiveness {vorpal,
                  | Fragile Int+8}
  6418 | D:6      | Noticed a gargoyle
  6433 | D:6      | HP: 10/57 [gargoyle/stone arrow (24)]
  6906 | D:6      | Found a broken altar of Ashenzari.
  6976 | D:6      | Killed a gargoyle
  6977 | D:6      | Reached skill level 7 in Spellcasting
  6977 | D:6      | Reached XP level 9. HP: 63/63 MP: 12/19
  7216 | D:7      | Found Tomuj's Magic Scroll Emporium.
  7270 | D:7      | Reached skill level 8 in Fire Magic
  7469 | D:7      | Reached * piety under Vehumet
  7469 | D:7      | Offered knowledge of Magic Dart by Vehumet.
  7485 | D:7      | Reached skill level 4 in Stealth
  7566 | D:7      | Reached skill level 1 in Long Blades
  7793 | D:7      | Found Zuhuwnuc's Distillery.
  7818 | D:7      | Found Kazamasy's Assorted Antiques.
  7998 | D:7      | Reached skill level 4 in Conjurations
  8142 | D:7      | Found Adat's Jewellery Shop.
  8156 | D:7      | Found Owiyvyq's Antique Weapon Boutique.
  9163 | D:8      | Reached skill level 3 in Dodging
  9184 | D:8      | Found a stormy altar of Qazlal.
  9231 | D:8      | Found a sparkling altar of Nemelex Xobeh.
  9265 | D:8      | Reached skill level 9 in Fire Magic
  9304 | D:8      | Reached skill level 2 in Long Blades
  9323 | D:8      | Learned a level 1 spell: Magic Dart
  9332 | D:8      | Noticed Maurice
  9340 | D:8      | Killed Maurice
  9341 | D:8      | Reached skill level 1 in Fighting
  9341 | D:8      | Reached skill level 8 in Spellcasting
  9342 | D:8      | Reached XP level 10. HP: 45/71 MP: 4/22
  9452 | D:8      | Reached ** piety under Vehumet
  9600 | D:7      | Bought a scroll of identify for 30 gold pieces
  9600 | D:7      | magus.rc [v1.9.6]
  9702 | D:8      | Noticed Harold
  9862 | D:8      | Found a snail-covered altar of Cheibriados.
  9865 | D:8      | Found a glowing golden altar of the Shining One.
  9873 | D:8      | Found a glowing silver altar of Zin.
  9876 | D:8      | Found a bloodstained altar of Trog.
  9878 | D:8      | Found a hazy altar of Hepliaklqana.
  9883 | D:8      | Found a blossoming altar of Fedhas.
  9934 | D:8      | Offered knowledge of Searing Ray by Vehumet.
  9938 | D:8      | Learned a level 2 spell: Searing Ray
  9955 | D:8      | Found a runed translucent door.
  9956 | D:8      | Noticed GloriousHammer's ghost (novice TrHu)
  9956 | D:8      | Noticed a centaur warrior
 10138 | D:8      | HP: 15/71 [Harold/+0 long sword (13)]
 10139 | D:8      | HP: 3/71 [Harold/+0 long sword (12)]
 10168 | D:8      | HP: 12/71 [Harold/+0 long sword (9)]
 10172 | D:8      | HP: 4/71 [Harold/+0 long sword (9)]
 10173 | D:8      | Slain by Harold

Vanquished Creatures
  Maurice (D:8)
  A gargoyle (D:6)
  A yak (D:8)
  Eustachio (D:5)
  3 water moccasins
  2 orc warriors (D:7)
  2 ice beasts
  A sky beast (D:5)
  A black bear (D:6)
  2 ogres
  4 necrophages
  4 centaurs
  2 bullfrogs
  A wyvern zombie (D:8)
  3 scorpions
  7 wights
  2 bullfrog zombies (D:6)
  A centaur zombie (D:4)
  A human zombie (D:4)
  3 orc priests (D:7)
  A centaur skeleton (D:5)
  A gnoll shaman (D:7)
  3 hounds
  2 bullfrog skeletons
  An iguana (D:6)
  4 orc wizards
  Ijyb (D:5)
  Terence (D:3)
  3 hound zombies (D:4)
  A hound skeleton (D:4)
  3 mummies (D:4)
  6 gnolls
  2 adders
  2 ufetubi
  An adder zombie (D:4)
  A worm (D:2)
  2 dart slugs
  23 orcs
  8 endoplasms
  8 goblins
  5 hobgoblins
  7 jackals
  4 quokkas
  2 ball pythons (D:2)
  3 bats (D:1)
  3 frilled lizards
  8 kobolds
  A quokka skeleton (D:4)
  4 rats
154 creatures vanquished.

Vanquished Creatures (others)
  315 foxfires
315 creatures vanquished.

Grand Total: 469 creatures vanquished

Table legend:
 A = Non-vault XP
 B = Vault XP
 C = Vault XP percentage of total XP
 D = Non-vault monster count
 E = Vault monster count
 F = Vault count percentage of total count
                 A         B        C        D         E       F
            +---------+---------+-------+---------+---------+-------
      Total |    3599 |    2315 |  39.1 |     124 |      30 |  19.5
            +---------+---------+-------+---------+---------+-------
        D:1 |      36 |       9 |  20.0 |      20 |       5 |  20.0
        D:2 |     122 |       0 |   0.0 |      18 |       0 |   0.0
        D:3 |      20 |      32 |  61.5 |      10 |       1 |   9.1
        D:4 |     433 |     453 |  51.1 |      12 |      12 |  50.0
        D:5 |     617 |     217 |  26.0 |      10 |       2 |  16.7
        D:6 |     444 |     709 |  61.5 |       6 |       6 |  50.0
        D:7 |    1293 |       0 |   0.0 |      35 |       0 |   0.0
        D:8 |     634 |     895 |  58.5 |      13 |       4 |  23.5
            +---------+---------+-------+---------+---------+-------

Illustrated notes

Table legend:
 A = Kills in this place as a percentage of kills in entire the game.
 B = Kills by you in this place as a percentage of kills by you in the entire game.
 C = Kills by friends in this place as a percentage of kills by friends in the entire game.
 D = Other kills in this place as a percentage of other kills in the entire game.
 E = Experience gained in this place as a percentage of experience gained in the entire game.
 F = Experience gained in this place divided by the number of levels of this place that you have seen.
                   A       B       C       D       E      F
               +-------+-------+-------+-------+-------+----------------------
         Total | 100.0 | 100.0 |   N/A |   N/A | 100.0 | 657.1
       Dungeon | 100.0 | 100.0 |   N/A |   N/A | 100.0 | 739.2
               +-------+-------+-------+-------+-------+----------------------

Table legend: (Time is in decaauts)
 A = Elapsed time spent in this place.
 B = Non-inter-level travel time spent in this place.
 C = Inter-level travel time spent in this place.
 D = Time resting spent in this place.
 E = Time spent auto-exploring this place.
 F = Levels seen in this place.
 G = Mean time per level.
                   A        B        C        D        E       F      G
               +--------+--------+--------+--------+--------+-----+--------+
         Total |  10204 |   9424 |    780 |   1357 |   6510 |   9 | 1133.8 |
       Dungeon |  10098 |   9335 |    763 |   1357 |   6439 |   8 | 1262.2 |
        Temple |    105 |     88 |     17 |      0 |     71 |   1 |  105.0 |
               +--------+--------+--------+--------+--------+-----+--------+

Top non-repeatable levels by time:
     D:4: 2036 daAuts
     D:7: 1529 daAuts
     D:1: 1510 daAuts
     D:5: 1182 daAuts
     D:8: 1132 daAuts
     D:6: 1095 daAuts
     D:2: 829 daAuts
     D:3: 783 daAuts
  Temple: 105 daAuts
